 Dungeon Crawl Stone Soup version 0.29-a0-723-gce39da1 (webtiles) character file.

Game seed: 3538412337643526542

34 PurpleRed the Sneak (level 3, 0/21 HPs)
             Began as a Deep Elf Brigand on June 28, 2022.
             Succumbed to an orc wizard's poison
             ... on level 3 of the Dungeon.
             The game lasted 00:06:04 (679 turns).

PurpleRed the Sneak (Deep Elf Brigand)               Turns: 679, Time: 00:06:05

Health: 0/21       AC:  4    Str:  8    XL:     3   Next: 14%
Magic:  6/8        EV: 12    Int: 15    God:
Gold:   74         SH:  0    Dex: 16    Spells: 5/6 levels left

rFire   . . .      SeeInvis .   a - +2 dagger
rCold   . . .      Faith    .   (no shield)
rNeg    . . .      Spirit   .   b - +0 robe
rPois   .          Reflect  .   g - +1 hat
rElec   .          Harm     .   c - +0 cloak
rCorr   .          Rampage  .   (no gloves)
Will    .....                   (no boots)
Stlth   +++.......              (no amulet)
HPRegen 0.07/turn               (no ring)
MPRegen 0.11/turn               (no ring)

@: lethally poisoned (0 -> -5)
A: dopey 1
a: no special abilities


You were on level 3 of the Dungeon.
You visited 1 branch of the dungeon, and saw 4 of its levels.

You collected 74 gold pieces.

Inventory:

Hand Weapons
 a - a +2 dagger (weapon)
 h - a +0 sling
Missiles
 d - 9 poisoned darts
 e - a curare-tipped dart (quivered)
Armour
 b - a +0 robe (worn)
 c - a +0 cloak (worn)
 g - a +1 hat (worn)
Scrolls
 j - 2 scrolls of silence
Potions
 f - 2 potions of mutation


   Skills:
 - Level 2.1 Fighting
 - Level 2.0 Short Blades
 - Level 2.0 Throwing
 - Level 1.2 Dodging
 - Level 4.8 Stealth
 + Level 2.3 Spellcasting
 + Level 0.8 Conjurations
 + Level 0.8 Fire Magic


You had 5 spell levels left.
You knew the following spells:

 Your Spells              Type           Power      Damage    Failure   Level
a - Foxfire               Conj/Fire      16%        2x1d4     16%         1

Your spell library contained the following spells:

 Spells                   Type           Power      Damage    Failure   Level
 Conjure Flame            Conj/Fire      4%         6-21      41%         3
 Inner Flame              Hex/Fire       3%         N/A       47%         3
 Flame Wave               Conj/Fire      4%         2d5       83%         4


Dungeon Overview and Level Annotations

Branches:
Dungeon (4/15)
 Temple: D:4-7

Altars:
Gozag
Ru

Shops:
D:3 *


Innate Abilities, Weirdness & Mutations

You are dopey. (Int -2)


Message History

The orc wizard is moderately wounded.
The foxfire hits the orc wizard but does no damage.
The orc wizard is moderately wounded.
Throw: 3 darts (curare)
Press: ? - help, Shift-Dir - straight line, f - orc wizard
Aim: an orc wizard, wielding a +1 dagger of venom and wearing a +0 robe (moderately wounded, mute, 55% to hit)
You throw a curare-tipped dart.
The curare-tipped dart barely misses the orc wizard.
* * * LOW HITPOINT WARNING * * *
You feel very sick.
It was a potion of mutation.
You feel extremely strange.
You feel stupid.
* * * LOW HITPOINT WARNING * * *
You feel very sick.
The orc wizard hits you but does no damage.
It was a potion of curing.
You feel better.
The orc wizard hits you with a +1 dagger of venom.
You are lethally poisoned!
Throw: 2 darts (curare)
Press: ? - help, Shift-Dir - straight line, f/p - orc wizard
Aim: an orc wizard, wielding a +1 dagger of venom and wearing a +0 robe (moderately wounded, mute, 55% to hit)
You throw a curare-tipped dart.
The curare-tipped dart hits the orc wizard.
The orc wizard is poisoned.
The orc wizard convulses.
The orc wizard seems to slow down.
The orc wizard is severely wounded.
* * * LOW HITPOINT WARNING * * *
You feel sick.
The hobgoblin hits you but does no damage.
The orc wizard hits you with a +1 dagger of venom.
* * * LOW HITPOINT WARNING * * *
Okay, then.
As you read the scroll labelled XUOSIL SAYV, it crumbles to dust.
You feel a surge of unholy energy.
The orc wizard convulses!
The hobgoblin convulses!
It was a scroll of torment.
* * * LOW HITPOINT WARNING * * *
You feel sick. The hobgoblin misses you. The orc wizard closely misses you.
You miss the orc wizard.
The orc wizard is almost dead.
You die...

#.# #............ #.#
##.###...##.# ####.#
#..........#. #....#
##.####.###.# #g.#
####### #.# #.#
#...#.# ##...... .
..###.#
#.go#.#####.v.###..#
###....#
.....#..†.).g#......#
#.####
#._.#########o@.#
#..# #.# .....
########.# #..# #.#
.r.# .........# #..#
#.# ... .#######.#
#..#####.####
#.###..........)#
#............#.#.
#.....≈≈≈≈≈≈≈.###
#..≈≈≈≈.....≈## #
#..≈....⌠.⌠.≈.###


You could see an orc wizard (mute, very poisoned, slow) and a hobgoblin
(corona).

Vanquished Creatures
  4 worms (D:2)
  2 bats
  4 goblins
  4 hobgoblins
  4 kobolds
  4 rats
22 creatures vanquished.

Vanquished Creatures (others)
  23 foxfires
23 creatures vanquished.

Grand Total: 45 creatures vanquished

Notes
Turn   | Place    | Note
-------+----------+-------------------------------------------
     0 | D:1      | PurpleRed the Deep Elf Brigand began the quest for the Orb.
     0 | D:1      | Reached XP level 1. HP: 12/12 MP: 3/3
   130 | D:2      | Reached skill level 1 in Spellcasting
   131 | D:2      | Reached XP level 2. HP: 8/17 MP: 3/6
   401 | D:2      | Learned a level 1 spell: Foxfire
   461 | D:4      | Noticed a black bear
   568 | D:2      | Reached XP level 3. HP: 21/21 MP: 0/8
   589 | D:3      | Found Gozag's Platinum Reserve.
   600 | D:3      | Found an opulent altar of Gozag.
   655 | D:3      | Found a sacrificial altar of Ru.
   675 | D:3      | Gained mutation: You are dopey. (Int -2) [potion of
                  | mutation]
   678 | D:3      | HP: 1/21 [poisoned by an orc wizard]
   679 | D:3      | Succumbed to an orc wizard's poison

Illustrated notes

Levels and vault maps discovered:
D:1:      tarquinn_simple_flora_water_e, layout_loops_ring,
          dreamdust_ecumenical_altar_hidden_monk_grotto
D:2:      layout_basic
D:3:      layout_loops_ring, nicolae_ru_great_annihilating_truth,
          nicolae_gozag_zags_fifth_avenue,
          nicolae_dithmenos_through_a_glass_darkly, uniq_sigmund
D:4:      layout_layer_cave

Skill      XL: |  1  2 |
---------------+-------+-----
Spellcasting   | 1 2 |  2.3
Fighting       | 2 |  2.1
Short Blades   | |  2.0
Throwing       | |  2.0
Dodging        | |  1.2
Stealth        | |  4.8
Conjurations   | |  0.8
Fire Magic     | |  0.8

Action                   || total
-------------------------++-------
Melee: Dagger            ||    44
Throw: Dart              ||    16
 Cast: Foxfire           ||    13
  Use: Scroll            ||     2
       Potion            ||     2
 Stab: Sleeping          ||     4
Armor: Robe              ||    18
Dodge: Dodged            ||    22

Table legend: (Time is in decaauts)
 A = Elapsed time spent in this place.
 B = Non-inter-level travel time spent in this place.
 C = Inter-level travel time spent in this place.
 D = Time resting spent in this place.
 E = Time spent auto-exploring this place.
 F = Levels seen in this place.
 G = Mean time per level.
                   A        B        C        D        E       F      G
               +--------+--------+--------+--------+--------+-----+--------+
         Total |    673 |    673 |      0 |      0 |      0 |   4 |  168.2 |
       Dungeon |    673 |    673 |      0 |      0 |      0 |   4 |  168.2 |
               +--------+--------+--------+--------+--------+-----+--------+

Top non-repeatable levels by time:
     D:2: 260 daAuts
     D:1: 251 daAuts
     D:3: 149 daAuts
     D:4: 11 daAuts
